 Dungeon Crawl Stone Soup version 0.21.1-1-g345015f (webtiles) character file.

10695 Goblin1989 the Martial Artist (level 11, -2/86 HPs)
             Began as a Demonspawn Transmuter on Feb 27, 2018.
             Was a High Priest of Okawaru.
             Slain by a reaper
             ... wielding a +2 scythe of freezing
              (47 damage)
             ... in an ice cave.
             The game lasted 00:56:01 (16204 turns).

Goblin1989 the Martial Artist (DsTm)               Turns: 16204, Time: 00:56:01

Health: -2/86      AC: 11    Str: 20    XL:     11   Next: 39%
Magic:  17/17      EV: 16    Int: 15    God:    Okawaru [*****.]
Gold:   654        SH:  0    Dex: 17    Spells: 4/16 levels left

rFire    . . .     SeeInvis .     - Unarmed
rCold    + + .     Gourm    +   (no shield)
rNeg     . . .     Faith    .   n - +3 leather armour
rPois    .         Spirit   .   D - +0 hat {MR+}
rElec    .         Reflect  .   P - +0 cloak {rC+}
rCorr    .         Harm     .   F - +1 pair of gloves {Dex+3}
MR       +....                  (no boots)
Stlth    +.........             S - amulet of the gourmand
HPRegen  0.24/turn              U - +3 ring of strength
MPRegen  0.15/turn              L - +4 ring of strength

@: about to teleport
A: antennae 2, rugged brown scales 1, cold resistance 1, powered by death 2,
freezing cloud immunity
a: Heroism, Finesse, Renounce Religion


You were in an ice cave.
You worshipped Okawaru.
Okawaru was extremely pleased with you.
You were not hungry.

You visited 2 branches of the dungeon, and saw 10 of its levels.
You also visited: Sewer and Ice Cave.

You collected 654 gold pieces.

Inventory:

Hand Weapons
 w - a +0 blowgun {@w1}
 y - a +0 blowgun {@w1}
Missiles
 a - 119 arrows
 z - 24 poisoned needles
 Z - 2 throwing nets (quivered) {!d}
Armour
 n - a +3 leather armour (worn)
 s - a +0 scale mail
 t - a +0 plate armour
 D - a +0 hat of magic resistance (worn)
 F - a +1 pair of gloves of dexterity (worn)
 P - a +0 cloak of cold resistance (worn)
Jewellery
 x - an uncursed ring of stealth
 L - a +4 ring of strength (right hand)
 N - an uncursed amulet of harm {unknown}
 S - an amulet of the gourmand (around neck)
 U - a +3 ring of strength (left hand)
Wands
 O - a wand of polymorph (14)
Scrolls
 i - 2 scrolls of enchant armour {unknown}
 l - 6 scrolls of remove curse {@r2}
 p - a scroll of blinking {unknown}
 r - a scroll of fog {unknown}
 u - 2 scrolls of random uselessness {unknown}
 v - 2 scrolls of fear {unknown}
 B - a scroll of torment {unknown}
 G - 5 scrolls of vulnerability
 J - a scroll of amnesia {unknown}
 M - 2 scrolls of magic mapping
 R - 4 scrolls of identify {@r1}
 T - 4 scrolls of teleportation {!r, @r3}
 V - 2 scrolls of enchant weapon {unknown}
 X - a scroll of immolation {unknown}
Potions
 g - 2 potions of curing {@q1}
 m - a potion of resistance
 o - a potion of heal wounds {@q2, !q}
 q - a potion of might {unknown}
 A - a potion of haste {unknown}
 H - a potion of lignification
 I - a potion of mutation {!q}
 K - a potion of degeneration {unknown}
 Q - 2 potions of agility
 W - 3 potions of flight
 Y - a potion of brilliance
Books
 c - a book of Changes

   Spells                             Type                      Level
   a - Beastly Appendage              Transmutation                1
   b - Sticks to Snakes               Transmutation                2
   c - Spider Form                    Transmutation/Poison         3
   d - Ice Form                       Ice/Transmutation            4
   e - Blade Hands                    Transmutation                5
 C - a book of Air

   Spells                             Type                      Level
   a - Shock                          Conjuration/Air              1
   b - Swiftness                      Charms/Air                   2
   c - Static Discharge               Conjuration/Air              3
   d - Airstrike                      Air                          4
   e - Lightning Bolt                 Conjuration/Air              5
 E - a book of Maledictions

   Spells                             Type                      Level
   a - Corona                         Hexes                        1
   b - Ensorcelled Hibernation        Hexes/Ice                    2
   c - Confuse                        Hexes                        3
   d - Tukima's Dance                 Hexes                        3
   e - Dazzling Spray                 Conjuration/Hexes            3
Comestibles
 e - 10 rations


   Skills:
 + Level 7.0 Fighting
 + Level 6.2 Armour
 + Level 6.6 Dodging
 * Level 10.0 Unarmed Combat
 + Level 3.3 Spellcasting
 * Level 4.3 Transmutations
 + Level 9.0 Invocations


You had 4 spell levels left.
You knew the following spells:

 Your Spells              Type           Power        Failure   Level  Hunger
a - Beastly Appendage     Tmut           ###...       3%          1    #......
b - Sticks to Snakes      Tmut           ###.....     5%          2    ##.....
c - Blade Hands           Tmut           ###.......   71%         5    ######.
d - Ice Form              Ice/Tmut       #.......     65%         4    #####..


Dungeon Overview and Level Annotations

Branches:
Dungeon (9/15)             Temple (0/1) D:5            Lair (1/6) D:8
    Orc (0/2) D:9

Altars:
Ashenzari
Gozag
Kikubaaqudgha
Okawaru
Qazlal
Yredelemnul
Zin

Annotations:
D:6 1 runed door, exclusions: Duvessa, electric eel and 1 more exclusion, Dowan, Duvessa


Innate Abilities, Weirdness & Mutations

You have a pair of antennae on your head.
You are partially covered in rugged brown scales. (AC +1, +3% HP)
Your flesh is cold resistant. (rC+)
You regenerate health from kills.
You are immune to freezing clouds.


Message History

The ice devil is almost dead.
The ice devil barely misses you.
You hit the ice devil but do no damage.
The ice devil is almost dead.
You hit the ice devil but do no damage.
The ice devil is almost dead.
The ice devil completely misses you.
You hit the ice devil but do no damage.
The ice devil is almost dead.
The ice devil misses you.
You barely miss the ice devil.
The ice devil is almost dead.
You punch the ice devil!
You kill the ice devil!
Okawaru accepts your kill.
You punch the ice devil!
The ice devil is lightly wounded.
The ice devil closely misses you.
You pummel the ice devil!!
The ice devil is severely wounded.
You hit the ice devil.
The ice devil is severely wounded.
The ice devil hits you!
* * * LOW HITPOINT WARNING * * *
The ice devil freezes you. You resist.
* * * LOW HITPOINT WARNING * * *
You take 11 damage, and have 21/85 hp.
You hit the ice devil but do no damage.
The ice devil is severely wounded.
The ice devil misses you.
You punch the ice devil!
The ice devil is almost dead.
You closely miss the ice devil.
The ice devil is almost dead.
The ice devil closely misses you.
MP restored: 17 You closely miss the ice devil.
The ice devil is almost dead.
The ice devil closely misses you.
You punch the ice devil!
You kill the ice devil!
Okawaru accepts your kill.
Your base Fighting skill increases to level 7!
You regained 2 hp, and now have 24/86 hp.
You feel better.
You regained 8 hp, and now have 32/86 hp.
You completely miss the ice devil. The ice devil closely misses you.
You regained 2 hp, and now have 34/86 hp.
You hit the ice devil but do no damage. The ice devil barely misses you.
You regained 2 hp, and now have 36/86 hp.
You pummel the ice devil!! You punch the ice devil.
The ice devil is heavily wounded.
You hit the ice devil.
The ice devil is heavily wounded.
The ice devil barely misses you.
You regained 2 hp, and now have 39/86 hp.
You pummel the ice devil!!
The ice devil is almost dead.
The ice devil misses you.
You punch the ice devil!
You kill the ice devil!
Okawaru accepts your kill.
Your base Unarmed Combat skill increases to level 10!
Your Invocations skill increases to level 9!
You regained 2 hp, and now have 42/86 hp.
Unknown command.
You start resting.
You feel a little less agile now.
You regained 9 hp, and now have 51/86 hp.
You start resting.
You feel like a meek peon again.
You regained 3 hp, and now have 54/86 hp.
You start resting.
HP restored.
Health restored: 86 You sense a monster nearby.
A reaper comes into view. It is wielding a scythe of freezing.
The reaper hits you from afar with a scythe of freezing!!!
Ouch! That really hurt!
The reaper freezes you!
* * * LOW HITPOINT WARNING * * *
Something shouts, "Take thy face hence, thou impertinent ill-nurtured nert!"
You hear a shout! x2
You take 50 damage, and have 36/86 hp.
MASSIVE DAMAGE!!
An ufetubus comes into view.
A white imp comes into view.
You enter the shallow water.
Moving in this stuff is going to be slow.
The reaper is engulfed in freezing vapours.
Okay, then.
The reaper is engulfed in freezing vapours.
The reaper is engulfed in freezing vapours.
The reaper is engulfed in freezing vapours.
The reaper is engulfed in freezing vapours.
Really read
T - 5 scrolls of teleportation {!r, @r3}?
As you read the scroll of teleportation {!r, @r3}, it crumbles to dust.
You feel strangely unstable.
The reaper hits you from afar with a scythe of freezing!!!
Ouch! That really hurt!
You die...

██..██ ██..████§.§...██ ██..█
██...§.§§§.███ ████..████
..§..§§§§███ █.█....█.███
█....§§§██ █..........███
██████§§§███ █............████
███§§.██
...............§███████████§2§██
█..........█....§....██...██§§.██
..........███.█§@§.........███..█
█........██ ██████2.██.....██...█
██...█████ █.§§██....████..██


█████ █§§§███.███...███ ██§§..███....██ ██§.......███ ███§...███ ██████ You
could see a reaper.

Vanquished Creatures
  Gastronok (D:8)
  2 two-headed ogres
  The ghost of NorthaanB the Cutter, a novice DrAs of Uskayaw (D:5)
  2 ice statues (IceCv)
  A spiny frog (Lair:1)
  12 ice devils
  A hippogriff (D:9)
  A hungry ghost (D:8)
  2 wargs (D:9)
  4 orc warriors
  A sky beast (D:8)
  A necrophage (D:7)
  4 ogres (D:5)
  2 centaurs
  A big kobold (D:9)
  6 bullfrogs
  2 scorpions
  A wyvern skeleton (D:7)
  4 crimson imps
  3 jellies
  A bullfrog skeleton (D:4)
  10 orc priests
  5 hounds
  A centaur skeleton (D:7)
  11 orc wizards
  2 iguanas
  Natasha (thrice) (D:4)
  5 worker ants
  A hound skeleton (D:9)
  A howler monkey skeleton (D:7)
  12 adders
  A shadow imp (D:7)
  7 white imps (IceCv)
  5 ufetubi (IceCv)
  An adder skeleton (D:4)
  A worm (D:2)
  2 dart slugs
  13 leopard geckos
  43 orcs
  17 giant cockroaches
  5 goblins
  4 hobgoblins
  13 jackals
  3 quokkas
  5 ball pythons
  5 bats
  8 frilled lizards
  25 kobolds
  5 rats
267 creatures vanquished.

Vanquished Creatures (collateral kills)
  An orc priest (D:4)
1 creature vanquished.

Vanquished Creatures (others)
  4 white imps (IceCv)
  2 ufetubi (IceCv)
6 creatures vanquished.

Grand Total: 274 creatures vanquished

Notes
Turn   | Place    | Note
-------+----------+-------------------------------------------
     0 | D:1      | Goblin1989 the Demonspawn Transmuter began the quest for the Orb.
     0 | D:1      | Reached XP level 1. HP: 15/15 MP: 3/3
    51 | D:1      | Reached skill level 3 in Unarmed Combat
   138 | D:1      | Gained mutation: You regenerate a little health from kills. [demonic ancestry]
   138 | D:1      | Reached XP level 2. HP: 11/21 MP: 3/5
   351 | D:1      | ololoev: эх, я сначала подумал гидра будет бошки отращивать пока ты качаешься
   352 | D:1      | ololoev: оказывается это рандомный тайл
   352 | D:1      | Goblin1989: нифига
   352 | D:1      | Goblin1989: это рандомные тайлы
   446 | D:1      | Learned a level 2 spell: Sticks to Snakes
  1299 | D:2      | Lost mutation: You have a pair of horns on your head. [demonic ancestry]
  1299 | D:2      | Lost mutation: You have a pair of small horns on your head. [demonic ancestry]
  1299 | D:2      | Gained mutation: You have a pair of small antennae on your head. [demonic ancestry]
  1299 | D:2      | Reached XP level 3. HP: 7/26 MP: 4/6
  1300 | D:2      | Goblin1989: The horns on your head shrink a bit. The horns on your head shrink away. _A pair of antennae grows on your head!
  1300 | D:2      | Goblin1989: раньше как-то по-другому антены вроде писались
  1300 | D:2      | Goblin1989: печально что не когти конечно
  1300 | D:2      | Goblin1989: ну да ладно, у меня БХ будут
  2420 | D:2      | Found an opulent altar of Gozag.
  2701 | D:3      | Reached skill level 4 in Unarmed Combat
  2731 | D:2      | Found a basalt altar of Yredelemnul.
  2731 | D:2      | Found an iron altar of Okawaru.
  2731 | D:2      | Found an ancient bone altar of Kikubaaqudgha.
  2745 | D:2      | Became a worshipper of Warmaster Okawaru
  2881 | D:3      | Gained mutation: You have a pair of antennae on your head. [demonic ancestry]
  2881 | D:3      | Reached XP level 4. HP: 30/32 MP: 5/7
  2891 | D:3      | Found a glowing drain.
  2913 | Sewer    | Entered a sewer
  3269 | Sewer    | Noticed a bullfrog
  3269 | Sewer    | Noticed a bullfrog
  3281 | Sewer    | Killed a bullfrog
  3281 | Sewer    | Reached skill level 1 in Armour
  3281 | Sewer    | Reached XP level 5. HP: 20/38 MP: 8/8
  3750 | D:3      | Gained mutation: You are partially covered in rugged brown scales. (AC +1, +3% HP) [demonic ancestry]
  3750 | D:3      | Reached XP level 6. HP: 29/45 MP: 9/9
  4068 | D:4      | Noticed Natasha
  4078 | D:4      | Killed Natasha
  4280 | D:4      | Reached skill level 5 in Unarmed Combat
  4761 | D:4      | Noticed Natasha
  4776 | D:4      | Killed Natasha
  4794 | D:4      | Reached skill level 1 in Invocations
  5140 | D:5      | Entered Level 5 of the Dungeon
  5179 | D:5      | Goblin1989: слушай, а ведь это идея для твоего тайла хорошая!
  5179 | D:5      | Goblin1989: начинаешь играть одноголовой гидкой, постепенно у нее повляется до пяти голов, а на 27т уровне в лерни превращаешься
  5278 | D:4      | Noticed Natasha
  5294 | D:4      | Killed Natasha
  5294 | D:4      | Reached * piety under Okawaru
  5521 | D:5      | Gained mutation: Your flesh is cold resistant. (rC+) [demonic ancestry]
  5521 | D:5      | Reached XP level 7. HP: 51/52 MP: 10/10
  5748 | D:5      | Noticed NorthaanB's ghost (novice DrAs)
  7348 | D:5      | Reached skill level 6 in Unarmed Combat
  7565 | D:5      | Found a staircase to the Ecumenical Temple.
  7766 | D:5      | Gained mutation: You are immune to freezing clouds. [demonic ancestry]
  7766 | D:5      | Reached XP level 8. HP: 59/59 MP: 3/11
  7857 | D:5      | Reached ** piety under Okawaru
  7947 | D:5      | Killed NorthaanB's ghost
  8064 | D:5      | Found a stormy altar of Qazlal.
  8132 | D:6      | Noticed Dowan
  8300 | D:6      | ololoev: !lg * killer=~diamond
  8308 | D:6      | beem: 43. create844 the Geomancer (L8 DEEE), blasted by a diamond obelisk (tornado) on D:5 (nicolae_qazlal_eye_of_the_storm) on 2017-09-16 03:56:11, with 1262 points after 5422 turns and 0:15:18.
  8386 | D:6      | ololoev: 43 человека забрал этот обелиск
  8386 | D:6      | ololoev: !lg * killer=~diamond -log
  8386 | D:6      | beem: 43. create844, XL8 DEEE, T:5422: https://webzook.net/soup/morgue/trunk/create844/morgue-create844-20170916-035611.txt
  8386 | D:6      | ololoev: этот дебил разбил стекло походу
  8676 | D:6      | Found a runed door.
  8932 | D:6      | Noticed Duvessa
  9141 | D:7      | Reached skill level 7 in Unarmed Combat
  9506 | D:7      | Found a glowing silver altar of Zin.
  9688 | D:7      | Reached skill level 5 in Invocations
  9688 | D:7      | Reached XP level 9. HP: 53/67 MP: 9/12
  9831 | D:7      | Reached *** piety under Okawaru
 10489 | D:7      | Reached skill level 5 in Fighting
 10735 | D:8      | Reached skill level 5 in Dodging
 10885 | D:8      | Found a staircase to the Lair.
 11120 | D:8      | Found an ancient bone altar of Kikubaaqudgha.
 11177 | D:8      | Reached skill level 8 in Unarmed Combat
 11348 | D:8      | Noticed Gastronok
 11366 | D:8      | Killed Gastronok
 11366 | D:8      | Reached skill level 5 in Armour
 11366 | D:8      | Gained mutation: You regenerate health from kills. [demonic ancestry]
 11366 | D:8      | Reached XP level 10. HP: 43/76 MP: 6/14
 11625 | D:8      | Reached **** piety under Okawaru
 11703 | D:8      | Reached skill level 9 in Unarmed Combat
 11862 | D:8      | Noticed a two-headed ogre
 11873 | D:8      | Killed a two-headed ogre
 12432 | D:8      | Learned a level 5 spell: Blade Hands
 12437 | D:8      | Learned a level 4 spell: Ice Form
 12641 | D:9      | Noticed a two-headed ogre
 12662 | D:9      | Killed a two-headed ogre
 12957 | D:9      | Found a shattered altar of Ashenzari.
 13110 | D:9      | Found a staircase to the Orcish Mines.
 14010 | Lair:1   | Entered Level 1 of the Lair of Beasts
 14010 | Lair:1   | Noticed a spiny frog
 14019 | Lair:1   | Killed a spiny frog
 14391 | Lair:1   | Found a frozen archway.
 14416 | Lair:1   | Reached ***** piety under Okawaru
 14620 | IceCv    | Entered an ice cave
 14691 | IceCv    | Noticed an ice statue
 14691 | IceCv    | Noticed an ice statue
 14983 | IceCv    | Killed an ice statue
 14983 | IceCv    | Reached XP level 11. HP: 85/85 MP: 13/16
 15981 | IceCv    | Reached skill level 10 in Unarmed Combat
 16167 | IceCv    | Noticed a reaper
 16204 | IceCv    | Slain by a reaper

Skill      XL: |  1  2  3  4  5  6  7  8  9 10 11 |
---------------+----------------------------------+-----
Unarmed Combat | 3 4 5 6 7 8 9 10 | 10.0
Transmutations | 2 3 4 |  4.3
Dodging        | 2 3 4 5 6 |  6.6
Armour         | 1 2 3 4 5 6 |  6.2
Fighting       | 2 3 4 5 6 7 |  7.0
Invocations    | 1 3 5 6 7 9 |  9.0
Spellcasting   | 3 |  3.3

Action                   |  1- 3 |  4- 6 |  7- 9 | 10-12 || total
-------------------------+-------+-------+-------+-------++-------
Melee: Unarmed           |   138 |   208 |   415 |   409 ||  1170
       Headbutt          |     5 |       |       |       ||     5
       Kick              |     6 |    16 |    34 |     8 ||    64
       Punch             |       |       |    16 |    33 ||    49
 Cast: Beastly Appendage |    15 |    13 |    17 |     4 ||    49
       Sticks to Snakes  |     5 |     2 |    18 |     4 ||    29
Invok: Heroism           |       |       |     9 |    11 ||    20
  Use: Scroll            |     2 |     1 |       |     8 ||    11
       Potion            |     1 |     2 |       |     6 ||     9
 Stab: Sleeping          |     2 |     2 |     2 |     1 ||     7
       Invisible         |       |     2 |       |     8 ||    10
       Distracted        |       |       |     2 |       ||     2
  Eat: Chunk             |     4 |     7 |    33 |    17 ||    61
       Ration            |     1 |       |       |       ||     1
Armor: Robe              |    18 |       |       |       ||    18
       Leather armour    |     8 |    58 |    83 |    71 ||   220
Dodge: Dodged            |    82 |   123 |   252 |   271 ||   728

Vault maps used:
D:1:      matt_arrival_spirals
D:2:      nicolae_overflow_hidden_temple, serial_glass, glass_columns_a,
          glass_columns_a
D:3:      gup_sewer_entry_pipe
D:4:      first_ration, uniq_natasha
D:5:      temple_hall, wad_floor_pattern_1, nicolae_qazlal_eye_of_the_storm
D:6:      minmay_crystal_water, uniq_duvessa, uniq_crazy_yiuf_cottage
D:7:      minmay_ruined_shrine
D:8:      lair_entry_dummy, tgw_kikubaaqudgha, uniq_gastronok
D:9:      kennysheep_kobold_camp, minmay_orc_entry_guard_dogs, grunt_pizzeria,
          evilmike_ruin_ashenzari
Lair:1:   portal_ice_cave_demonic_guard
Sewer:    sewer_frog_island_01
IceCv:    ice_cave_small_demon
